 Dungeon Crawl Stone Soup version 0.30.2 (webtiles) character file.

Game seed: 6694066624808082729

1099 Ashen the Ogre Mage (level 8, -2/73 (78) HPs)
             Began as an Ogre Ice Elementalist on Jan 25, 2024.
             Slain by a wight
             ... wielding a +0 mace
              (9 damage)
             ... on level 5 of the Dungeon.
             The game lasted 00:10:44 (6409 turns).

Ashen the Ogre Mage (Ogre Ice Elementalist)         Turns: 6409, Time: 00:10:45

HP:   -2/73 (78)    AC:  3    Str: 13    XL:     8   Next: 32%
MP:   14/17         EV: 10    Int: 18    God:
Gold: 155           SH:  5    Dex:  9    Spells: 12/19 levels left

rFire   . . .        x - +0 morningstar
rCold   . . .        (no shield)
rNeg    . . .        a - +0 robe
rPois   .            (helmet restricted)
rElec   .            (no cloak)
rCorr   .            (gloves unavailable)
SInv    +            (boots unavailable)
Will    .....        y - amulet of reflection
Stlth   ++           p - ring of see invisible
HPRegen 0.32/turn    (no ring)
MPRegen 0.15/turn

%: reflection
@: freezing walls, drained
A: large, unfitting armour, tough skin 1
a: no special abilities


You were on level 5 of the Dungeon.
You visited 1 branch of the dungeon, and saw 6 of its levels.

You collected 155 gold pieces.

Inventory:

Hand Weapons
 j - a +0 giant spiked club
 x - a +0 morningstar (weapon)
 A - the +5 short sword of the Living Dead {elec, rC+ Will+}
   (You found it on level 5 of the Dungeon)

   rC:        It protects you from cold.
   Will:      It increases your willpower.
Armour
 a - a +0 robe (worn)
Jewellery
 p - a ring of see invisible (left hand)
 y - an amulet of reflection (around neck)
 D - an amulet of magic regeneration
Scrolls
 c - 3 scrolls of poison {unknown}
 d - 6 scrolls of identify {unknown}
 f - 2 scrolls of noise {unknown}
 i - 2 scrolls of summoning {unknown}
 n - a scroll of magic mapping {unknown}
 o - 2 scrolls of blinking {unknown}
 q - 3 scrolls of teleportation {unknown}
 s - 3 scrolls of enchant armour {unknown}
 t - a scroll of enchant weapon {unknown}
 u - 2 scrolls of fear {unknown}
 w - a scroll of vulnerability {unknown}
 B - a scroll of fog {unknown}
 C - 2 scrolls of immolation {unknown}
Potions
 b - a potion of magic
 e - a potion of resistance
 g - 4 potions of curing
 h - a potion of berserk rage {unknown}
 k - 3 potions of degeneration {unknown}
 l - 3 potions of heal wounds {unknown}
 m - a potion of brilliance {unknown}
 r - a potion of might {unknown}
 v - a potion of attraction {unknown}
 z - 2 potions of cancellation {unknown}


   Skills:
 + Level 4.0 Fighting
 + Level 2.4 Maces & Flails
 + Level 3.4 Dodging
 - Level 3.0 Stealth
 * Level 6.0 Spellcasting
 * Level 5.6 Ice Magic


You had 12 spell levels left.
You knew the following spells:

 Your Spells              Type           Power      Damage    Failure   Level
a - Freeze                Ice            100%       1d10      1%          1
b - Frozen Ramparts       Ice            50%        1d8       3%          3
c - Ozocubu's Armour      Ice            25%        N/A       3%          3

Your spell library contained the following spells:

 Spells                   Type           Power      Damage    Failure   Level
 Apportation              Tloc           10%        N/A       12%         1
 Necrotise                Necr           20%        1d5       12%         1
 Shock                    Conj/Air       20%        1d4       12%         1
 Summon Small Mammal      Summ           20%        N/A       12%         1
 Blink                    Tloc           10%        N/A       19%         2
 Inner Flame              Hex/Fire       5%         N/A       34%         3
 Swiftness                Air            5%         N/A       34%         3
 Summon Ice Beast         Ice/Summ       15%        N/A       36%         4
 Airstrike                Air            2%         2d(1-17)  75%         4
 Manifold Assault         Tloc           5%         N/A       75%         4
 Fireball                 Conj/Fire      2%         3d4       97%         5
 Iskenderun's Battlesphe  Conj           5%         2d6       97%         5
 Yara's Violent Unravell  Hex/Tmut       2%         3d3       97%         5
 Conjure Ball Lightning   Conj/Air       2%         3x3d6     100%        6
 Enfeeble                 Hex            2%         N/A       100%        7
 Orb of Destruction       Conj           2%         9d5       100%        7
 Storm Form               Tmut/Air       2%         N/A       100%        7


Dungeon Overview and Level Annotations

Branches:
Dungeon (6/15)
 Temple: D:4-7

Altars:
Okawaru

Annotations:
D:3 3 runed translucent doors, diceflayer's ghost, amateur DsFi
D:4 2 transporters, synk's ghost, amateur DgWn


Innate Abilities, Weirdness & Mutations

You are too large for most types of armour.
You have tough skin. (AC +1)


Message History

Casting: Frozen Ramparts (dangerous; 3% risk of failure)
Press: ? - help, Dir - look around, f - activate A stone staircase leading down, spattered with blood.
The walls around you are covered in ice.
The wight completely resists.
The wall freezes the wight but does no damage.
The wight zaps a wand.
The puff of flame hits you.
* * * LOW HITPOINT WARNING * * *
The heat melts your icy armour.
You closely miss the wight.
The wight is heavily damaged.
Your icy armour starts to melt.
The wall freezes the wight but does no damage.
The wight hits you but does no damage.
You barely miss the wight.
The wight is heavily damaged.
The wight resists.
The wall freezes the wight.
The wight zaps a wand.
The puff of flame misses you.
The now-empty wand crumbles to dust.
The wall freezes the wight but does no damage.
The wight closely misses you.
You barely miss the wight.
The wight is heavily damaged.
The wall freezes the wight but does no damage.
The wight hits you with a +0 mace.
* * * LOW HITPOINT WARNING * * *
You hit the wight.
The wight is severely damaged.
The wight completely resists.
The wall freezes the wight but does no damage.
The wight barely misses you.
You closely miss the wight.
The wight is severely damaged.
Your icy armour evaporates.
The wight resists.
The wall freezes the wight.
The wight hits you with a +0 mace.
* * * LOW HITPOINT WARNING * * *
You feel drained.
The wall freezes the wight but does no damage.
The wight hits you with a +0 mace!
You die...

##.##....# #.#.###...#########.
#..#....# #.#.# #.#........)).
##......###.#.# #..........#..
##.........#.# #.########.#.#
#.........#.###.# #.#.#
###.......#...#)# #<#.#
#.#..##.#.#.#.# ###.#
########.#.....#.....##########.#
.........#.###.z@..#..........#.#
##########.# #.#.#.##########.#.#
##########.# #.#.#.#........#.#.#
...........# #.#.#.#.######.#.#.#
############ #.#.#.#.# #.#.#..
.........#####.#.#.#.# #.#.###
########.....#.#.#.#.# #.#.# #
############.#†#.#.#.# #.#.# #
.........# #.#.#.#.#.# #.#.# #


You could see a wight.

Vanquished Creatures
  A water moccasin (D:5)
  3 phantoms
  2 ogres (D:4)
  A centaur (D:5)
  2 scorpions (D:5)
  A howler monkey (D:3)
  A jelly (D:4)
  2 hounds
  2 iguanas
  5 gnolls
  7 adders
  An ufetubus (D:5)
  6 worms
  2 dart slugs
  10 orcs
  9 bats
  4 endoplasms
  A giant cockroach (D:1)
  14 goblins
  11 hobgoblins
  6 jackals
  6 kobolds
  A quokka (D:1)
  4 ball pythons
  2 frilled lizards
  4 rats
108 creatures vanquished.

Notes
Turn   | Place    | Note
-------+----------+-------------------------------------------
     0 | D:1      | Ashen the Ogre Ice Elementalist began the quest for the
                  | Orb.
     0 | D:1      | Reached XP level 1. HP: 16/16 MP: 3/3
   364 | D:1      | Reached XP level 2. HP: 24/24 MP: 3/5
  1061 | D:1      | Reached XP level 3. HP: 22/32 MP: 2/7
  1144 | D:2      | Reached skill level 3 in Spellcasting
  1438 | D:2      | Reached skill level 1 in Fighting
  1490 | D:2      | Reached XP level 4. HP: 41/41 MP: 0/8
  2418 | D:3      | Found an iron altar of Okawaru.
  2693 | D:3      | Reached XP level 5. HP: 46/48 MP: 10/10
  2697 | D:3      | Learned a level 3 spell: Frozen Ramparts
  2701 | D:3      | Learned a level 3 spell: Ozocubu's Armour
  2967 | D:3      | Reached skill level 4 in Spellcasting
  3173 | D:3      | Noticed diceflayer's ghost (amateur DsFi)
  3175 | D:3      | Found a runed translucent gate.
  3175 | D:3      | Found a runed translucent gate.
  3175 | D:3      | Found a runed translucent gate.
  3175 | D:3      | Identified the +1 ring mail of the Monk {rF+ rN+ Int+2
                  | Slay-3}
  3595 | D:4      | Noticed an ogre
  3606 | D:4      | Killed an ogre
  3607 | D:4      | Reached XP level 6. HP: 57/57 MP: 2/12
  3827 | D:4      | Reached skill level 1 in Maces & Flails
  4138 | D:4      | Found a transporter.
  4138 | D:4      | Noticed synk's ghost (amateur DgWn)
  4235 | D:3      | Reached XP level 7. HP: 23/66 MP: 6/14
  4251 | D:3      | HP: 2/66 [phantom (4)]
  4260 | D:3      | Reached skill level 5 in Spellcasting
  4260 | D:3      | Reached skill level 5 in Ice Magic
  4648 | D:4      | Found a transporter.
  4743 | D:5      | Entered Level 5 of the Dungeon
  4825 | D:5      | Identified the +5 short sword of the Living Dead {elec, rC+
                  | Will+}
  5046 | D:5      | Reached XP level 8. HP: 40/78 MP: 10/16
  6211 | D:5      | Reached skill level 6 in Spellcasting
  6409 | D:5      | Slain by a wight

Illustrated notes

Levels and vault maps discovered:
D:1:      spicycebolla_green_bress_n_ham, layout_loops_corners,
          minmay_tetromino_s2
D:2:      layout_rooms
D:3:      layout_loops_ring, mainiacjoe_overflow_concentric_impassable,
          biasface_ghost_orc_armoury
D:4:      layout_basic, gammafunk_ghost_arena
D:5:      layout_basic, st_stairs_5
D:6:      layout_basic, nicolae_hepliaklqana_ecumenical_no_more,
          kennysheep_little_box, minmay_temple_entry_fiery,
          uniq_crazy_yiuf_cottage

Skill      XL: |  1  2  3  4  5  6  7  8 |
---------------+-------------------------+-----
Dodging        | 2 3 |  3.4
Spellcasting   | 3 4 5 6 |  6.0
Fighting       | 1 2 3 4 |  4.0
Ice Magic      | 4 5 |  5.6
Stealth        | 2 3 |  3.0
Maces & Flails | 1 2 |  2.4

Action                     |  1- 3 |  4- 6 |  7- 9 || total
---------------------------+-------+-------+-------++-------
  Melee: Unarmed           |    12 |       |       ||    12
         Whip              |     5 |    19 |       ||    24
         Morningstar       |       |    24 |   114 ||   138
         Giant club        |       |     3 |       ||     3
         Punch             |       |       |     1 ||     1
   Cast: Freeze            |    57 |    80 |     9 ||   146
         Frozen Ramparts   |       |     6 |     8 ||    14
         Ozocubu's Armour  |       |     5 |    13 ||    18
    Use: Potion            |       |       |     2 ||     2
   Stab: Sleeping          |       |     2 |     2 ||     4
 Armour: Robe              |    17 |    31 |    44 ||    92
  Dodge: Dodged            |    43 |    86 |    71 ||   200
  Block: Other             |       |       |    29 ||    29
